 Dungeon Crawl Stone Soup version 0.30.0-18-gc0e69614cb (webtiles) character file.

Game seed: 16244797365607164721

7739 Hubris850 the Thaumaturge (level 11, -11/55 HPs)
             Began as a Deep Elf Hexslinger on May 23, 2023.
             Was an Elder of the Shining One.
             Mangled by a cane toad (16 damage)
             ... on level 8 of the Dungeon.
             The game lasted 00:42:12 (9172 turns).

Hubris850 the Thaumaturge (Deep Elf Hexslinger)     Turns: 9172, Time: 00:42:12

Health: -11/55     AC: 10    Str:  7    XL:     11   Next: 0%
Magic:  26/27      EV: 11    Int: 23    God:    the Shining One [****..]
Gold:   414        SH:  3    Dex: 15    Spells: 18/31 levels left

rFire   + . .        r - +3 quick blade (holy)
rCold   x . .        Q - +0 buckler "Kungoastro" {Rampage Slay+2}
rNeg    + + +        u - +0 troll leather armour
rPois   .            (no helmet)
rElec   +            (no cloak)
rCorr   .            S - +0 pair of gloves of Valiance {rElec rC- rN++ Slay+5}
SInv    +            o - +0 pair of boots
Will    +....        k - amulet of the acrobat
Stlth   +            X - +4 ring of protection
HPRegen 1.09/turn    P - ring of Uthaefrase {rF+ rN+ Slay+3 SInv}
MPRegen 0.20/turn

%: acrobat, rampage
@: lethally poisoned (-11 -> -11), hasted, glowing, very quick
A: no striking features
a: Renounce Religion, Divine Shield, Cleansing Flame


You were on level 8 of the Dungeon.
You worshipped the Shining One.
The Shining One was greatly pleased with you.
You visited 2 branches of the dungeon, and saw 10 of its levels.

You collected 414 gold pieces.

Inventory:

Hand Weapons
 a - a +1 sling of flaming
 b - a +1 short sword of venom
 r - a +3 quick blade of holy wrath (weapon)
 I - a +0 hand axe of flaming
 J - the +5 Force Lance {heavy, knockback}
   (You found it on level 7 of the Dungeon)
Missiles
 g - 3 poisoned darts
 x - 15 boomerangs
 H - a curare-tipped dart
Armour
 c - a +0 robe
 h - a +1 pair of gloves
 o - a +0 pair of boots (worn)
 u - a +0 troll leather armour (worn)
 E - the +0 ring mail of Kogoi {rN+ Will++ Str+2 Int-4}
   (You found it on level 6 of the Dungeon)

   Str:       It affects your strength (+2).
   Int:       It affects your intelligence (-4).
   rN:        It protects you from negative energy.
   Will:      It greatly increases your willpower.
 O - +0 steam dragon scales
 Q - the +0 buckler "Kungoastro" (worn) {Rampage Slay+2}
   (You acquired it on level 8 of the Dungeon)

   Slay:      It affects your accuracy & damage with ranged weapons and melee
   (+2).
   Rampage:   It bestows one free step when moving towards enemies.
 S - the +0 pair of gloves of Valiance (worn) {rElec rC- rN++ Slay+5}
   (You acquired it on level 8 of the Dungeon)

   Slay:      It affects your accuracy & damage with ranged weapons and melee
   (+5).
   rC:        It makes you vulnerable to cold.
   rElec:     It insulates you from electricity.
   rN:        It greatly protects you from negative energy.
 W - +0 acid dragon scales
Magical Staves
 U - a staff of fire
Jewellery
 j - a ring of flight
 k - an amulet of the acrobat (around neck)
 m - an amulet of reflection
 P - the ring of Uthaefrase (right hand) {rF+ rN+ Slay+3 SInv}
   (You acquired it on level 8 of the Dungeon)

   [ring of see invisible]

   Slay:      It affects your accuracy & damage with ranged weapons and melee
   (+3).
   rF:        It protects you from fire.
   rN:        It protects you from negative energy.
   SInv:      It lets you see invisible.
 R - an amulet of guardian spirit
 V - a +6 ring of dexterity
 X - a +4 ring of protection (left hand)
Wands
 y - a wand of roots (9)
 K - a wand of flame (15)
 M - a wand of digging (9)
Scrolls
 e - 4 scrolls of vulnerability
 f - a scroll of fear
 l - 3 scrolls of teleportation
 p - 2 scrolls of poison
 v - a scroll of fog
 D - a scroll of amnesia
 F - a scroll of brand weapon
 N - 3 scrolls of immolation {unknown}
Potions
 d - a potion of berserk rage
 i - 2 potions of mutation
 n - a potion of haste
 q - 2 potions of might
 s - 2 potions of lignification
 t - 3 potions of brilliance
 w - 3 potions of flight
 z - a potion of degeneration {unknown}
 A - 2 potions of magic {unknown}
 B - 3 potions of curing
 C - 2 potions of resistance {unknown}
 G - a potion of attraction {unknown}
 L - a potion of cancellation {unknown}
 T - a potion of ambrosia {unknown}


   Skills:
 - Level 0.7 Fighting
 - Level 8.0 Short Blades
 - Level 4.1 Ranged Weapons
 - Level 2.4 Dodging
 + Level 10.7 Spellcasting
 + Level 8.4 Conjurations
 - Level 6.0 Hexes
 + Level 5.5 Ice Magic
 + Level 7.0 Air Magic
 - Level 2.0 Poison Magic


You had 18 spell levels left.
You knew the following spells:

 Your Spells              Type           Power      Damage    Failure   Level
a - Slow                  Hex            100%       N/A       1%          1
b - Mephitic Cloud        Conj/Pois/Air  39%        N/A       3%          3
c - Cause Fear            Hex            19%        N/A       11%         4
d - Freezing Cloud        Conj/Ice/Air   22%        6-21      21%         5

Your spell library contained the following spells:

 Spells                   Type           Power      Damage    Failure   Level
 Hailstorm                Conj/Ice       44%        3d10      2%          3
 Poisonous Vapours        Pois/Air       66%        N/A       3%          2
 Inner Flame              Hex/Fire       26%        N/A       12%         3
 Portal Projectile        Hex/Tloc       52%        N/A       12%         3
 Passwall                 Tmut/Erth      10%        N/A       21%         2
 Ice Form                 Ice/Tmut       25%        N/A       38%         4
 Animate Armour           Summ/Erth      24%        N/A       78%         4
 Blade Hands              Tmut           6%         N/A       98%         5
 Iron Shot                Conj/Erth      15%        9d4       98%         6
 Simulacrum               Ice/Necr       12%        N/A       100%        6
 Statue Form              Tmut/Erth      8%         N/A       100%        6
 Malign Gateway           Summ/Tloc      6%         N/A       100%        7
 Summon Horrible Things   Summ           6%         N/A       100%        8


Dungeon Overview and Level Annotations

Branches:
Dungeon (9/15)             Temple (0/1) D:5            Lair (1/5) D:8
    Orc: D:9-12

Altars:
Makhleb
Qazlal
Uskayaw
The Shining One


Message History

The water moccasin resists with significant effort.
The water moccasin resists with significant effort.
The water moccasin bites you but does no damage.
You climb upwards.
Welcome back to the Dungeon!
There is a staircase to the Lair here.
The water moccasin seems to slow down.
The water moccasin bites you but does no damage.
You puncture the water moccasin!
The water moccasin is moderately wounded.
The water moccasin misses you.
You puncture the water moccasin!
The water moccasin is severely wounded.
You puncture the water moccasin!
You kill the water moccasin!
Your Air Magic skill increases to level 7!
You have reached level 11!
You climb downwards.
Welcome back to the Lair of Beasts!
You feel an oppressive heat about you.
There is an entrance to a volcano on this level.
Hurry and find it before the entrance collapses!
You block the cane toad's attack. x2; The cane toad stings you!!
There is a staircase back to the Dungeon, spattered with blood here.
The cane toad stings you! x2
You climb upwards.
Welcome back to the Dungeon!
There is a staircase to the Lair here.
The cane toad stings you.
You are poisoned.
The cane toad poisons you! You block the cane toad's attack.
You see here a +0 club.
You feel very sick. The cane toad completely misses you.
There is an open door here.
You feel very sick.
You feel sick.
You feel sick.
The cane toad stings you but does no damage.
The cane toad attacks as you move away! The cane toad stings you.
* * * LOW HITPOINT WARNING * * *
You feel sick.
You feel yourself speed up.
You feel sick. The cane toad stings you!
You die...

#.P.PPP.....P.P...###...... #
#..P.PP####P...............
#######...P..#.>#...P....########
.............#[)#P.P..#>.# #
########.P...#'##.P...#.## # #
#......F..P....#.# # #
##.......P.P.P##.# #
#...)..F.P...##.# #
##....P.@P..###.#########
###.P....### #.....#....
####....####.###......
####......# #.~~~≈~ ######.#
#.~≈≈≈~ #.# #.~≈≈≈~ #.# #.~~~≈~
#.# #...... #.# #.~~~~.


You could see 2 cane toads.

Vanquished Creatures
  The ghost of Fractals the Magician, a novice DrRe of Cheibriados (D:8)
  Pikel (D:7)
  Joseph (D:7)
  A troll (D:9)
  Prince Ribbit (D:8)
  A ynoxinul (D:8)
  2 wyverns (D:9)
  7 yaks (D:9)
  4 steam dragons
  An acid dragon (D:9)
  A water moccasin (D:8)
  2 black bears (D:8)
  An orc warrior (D:8)
  2 sky beasts
  2 hornet zombies (D:7)
  3 centaurs
  2 ogres
  3 phantoms (D:5)
  A bullfrog (D:8)
  A kobold brigand (D:5)
  2 wyvern zombies (D:7)
  3 scorpions
  11 wights
  6 electric eels
  6 centaur zombies (D:7)
  2 bullfrog zombies (D:7)
  4 hounds
  A jelly (D:6)
  3 gnoll boudas
  4 orc priests
  4 iguanas
  8 orc wizards
  3 killer bee zombies (D:7)
  19 gnolls
  2 howler monkey zombies (D:7)
  7 adders
  An ufetubus (D:7)
  A worm (D:3)
  5 dart slugs
  26 orcs
  6 ball pythons
  7 endoplasms
  A giant cockroach (D:3)
  2 goblins
  6 hobgoblins
  4 jackals (D:1)
  9 kobolds
  A quokka (D:2)
  4 bats
  3 frilled lizards
  2 rats
201 creatures vanquished.

Vanquished Creatures (others)
  A wight (D:7)
1 creature vanquished.

Grand Total: 202 creatures vanquished

Notes
Turn   | Place    | Note
-------+----------+-------------------------------------------
     0 | D:1      | Hubris850 the Deep Elf Hexslinger began the quest for the
                  | Orb.
     0 | D:1      | Reached XP level 1. HP: 11/11 MP: 5/5
   277 | D:1      | Reached skill level 2 in Spellcasting
   362 | D:1      | Reached XP level 2. HP: 16/16 MP: 7/7
   785 | D:2      | Reached XP level 3. HP: 20/20 MP: 8/8
   792 | D:2      | Learned a level 3 spell: Inner Flame
  1353 | D:2      | Identified a scroll of acquirement
  1353 | D:2      | Acquired a +2 quick blade of holy wrath
  1659 | D:3      | Found a burning altar of Makhleb.
  1805 | D:3      | Found a glowing golden altar of the Shining One.
  1860 | D:2      | Reached skill level 3 in Spellcasting
  1860 | D:2      | Reached XP level 4. HP: 10/24 MP: 10/10
  1967 | D:2      | Reached skill level 1 in Short Blades
  2128 | D:3      | Became a worshipper of the Shining One
  2165 | D:3      | Learned a level 4 spell: Cause Fear
  2239 | D:3      | Reached XP level 5. HP: 8/28 MP: 11/11
  3239 | D:4      | Learned a level 3 spell: Mephitic Cloud
  3728 | D:5      | Entered Level 5 of the Dungeon
  3781 | D:5      | Reached XP level 6. HP: 33/33 MP: 12/12
  3896 | D:4      | Reached skill level 5 in Short Blades
  4055 | D:5      | Found a large runed translucent door.
  4055 | D:5      | Found a large runed translucent door.
  4109 | D:5      | Found a staircase to the Ecumenical Temple.
  4296 | D:5      | Reached XP level 7. HP: 25/37 MP: 9/13
  4422 | D:5      | Reached * piety under the Shining One
  5065 | D:5      | Found a hide-covered altar of Uskayaw.
  5092 | D:5      | Reached skill level 1 in Conjurations
  5092 | D:5      | Reached XP level 8. HP: 42/42 MP: 15/15
  5095 | D:5      | Found a stormy altar of Qazlal.
  5108 | D:5      | Reached skill level 1 in Air Magic
  5223 | D:6      | Reached skill level 5 in Hexes
  5223 | D:6      | Reached skill level 1 in Poison Magic
  5289 | D:6      | Reached skill level 4 in Spellcasting
  5341 | D:6      | Identified the +0 ring mail of Kogoi {rN+ Will++ Str+2
                  | Int-4}
  5856 | D:7      | Reached skill level 5 in Spellcasting
  5864 | D:7      | Reached ** piety under the Shining One
  5977 | D:7      | Noticed Joseph
  6079 | D:7      | Reached XP level 9. HP: 12/46 MP: 19/19
  6140 | D:6      | Reached skill level 6 in Spellcasting
  6422 | D:7      | Killed Joseph
  6423 | D:7      | Reached skill level 5 in Conjurations
  6480 | D:7      | Reached skill level 7 in Spellcasting
  6544 | D:7      | Found the +5 Force Lance {heavy, knockback}
  6587 | D:7      | Reached *** piety under the Shining One
  6648 | D:7      | Reached skill level 5 in Air Magic
  6837 | D:7      | Reached skill level 8 in Spellcasting
  6845 | D:7      | Learned a level 5 spell: Freezing Cloud
  6938 | D:7      | Reached skill level 1 in Ice Magic
  7463 | D:8      | Noticed Pikel
  7593 | D:7      | Killed Pikel
  7594 | D:7      | Reached XP level 10. HP: 25/51 MP: 21/24
  7632 | D:8      | Acquired the +0 buckler "Kungoastro" {Rampage Slay+2}
  7649 | D:8      | Acquired the +0 pair of gloves of Valiance {rElec rC- rN++
                  | Slay+5}
  7661 | D:8      | Acquired the ring of Uthaefrase {rF+ rN+ Slay+3 SInv}
  7854 | D:8      | Found a runed translucent door.
  7854 | D:8      | Noticed Fractals's ghost (novice DrRe)
  7854 | D:8      | Noticed Prince Ribbit
  7868 | D:8      | Killed Prince Ribbit
  7869 | D:8      | Reached skill level 9 in Spellcasting
  8021 | D:8      | Found a staircase to the Lair.
  8077 | D:8      | Killed Fractals's ghost
  8117 | D:8      | Got the Compilation of the Quake
  8425 | D:9      | Reached skill level 10 in Spellcasting
  8543 | D:9      | Reached **** piety under the Shining One
  8674 | D:9      | Reached skill level 5 in Ice Magic
  9149 | Lair:1   | Entered Level 1 of the Lair of Beasts
  9149 | Lair:1   | Noticed a cane toad
  9152 | Lair:1   | Noticed a cane toad
  9162 | D:8      | Reached XP level 11. HP: 55/55 MP: 24/27
  9172 | D:8      | Mangled by a cane toad

Illustrated notes

Levels and vault maps discovered:
D:1:      saegor_arrival_simple_c, layout_basic
D:2:      layout_basic, serial_rivers, chequers_serial_rivers_room_a,
          chequers_serial_rivers_micro_c, chequers_serial_rivers_room_a,
          chequers_serial_rivers_micro_b, chequers_serial_rivers_micro_c,
          grunt_ministairs_7, patterned_corridor
D:3:      layout_loops_cross, nicolae_overflow_crystal_walls,
          nicolae_tso_carved_into_rock
D:4:      layout_cave_pods, chequers_serial_rivers_micro_c,
          chequers_serial_rivers_marsh, fountainhead
D:5:      minmay_chambers_of_fours, layout_loops_ring, jmf_multi_god_temple2,
          minmay_temple_entry_waves
D:6:      layout_cave_pools, chequers_big_river
D:7:      layout_basic, serial_undead, serial_undead_d, serial_undead_a,
          serial_undead_b, serial_undead_a, serial_undead_f, serial_undead_c,
          serial_undead_d, serial_undead_b, serial_undead_b, serial_undead_f,
          uniq_joseph
D:8:      layout_basic, grunt_lair_entry_orc_guard_hut, hellmonk_ghost_big_iron,
          minmay_misc_feat_rugged, minivault_14, uniq_pikel, uniq_prince_ribbit1
D:9:      kennysheep_steamy, layout_loops_corners
Lair:1:   beast_lair_carwin_large_2, layout_cave_pods, enter_volcano_2,
          gammafunk_ghost_grave

Skill      XL: |  1  2  3  4  5  6  7  8  9 10 |
---------------+-------------------------------+-----
Ranged Weapons | 3 4 |  4.1
Spellcasting   | 2 3 5 8 10 | 10.7
Short Blades   | 3 4 6 8 |  8.0
Conjurations   | 1 4 6 8 |  8.4
Air Magic      | 3 5 7 |  7.0
Hexes          | 6 |  6.0
Poison Magic   | 2 |  2.0
Ice Magic      | 2 5 |  5.5
Fighting       | |  0.7
Dodging        | |  2.4

Action                     |  1- 3 |  4- 6 |  7- 9 | 10-12 || total
---------------------------+-------+-------+-------+-------++-------
  Melee: Quick blade       |    40 |   351 |   804 |   178 ||  1373
         Short sword       |     9 |       |       |       ||     9
         Punch             |     2 |     8 |    14 |       ||    24
   Fire: Sling             |    86 |       |       |       ||    86
  Throw: Dart              |       |       |     1 |       ||     1
   Cast: Slow              |     3 |    28 |    67 |     9 ||   107
         Mephitic Cloud    |       |       |     4 |       ||     4
  Evoke: Wand              |       |       |     1 |       ||     1
    Use: Scroll            |     5 |     8 |     4 |     4 ||    21
         Potion            |       |       |     1 |     1 ||     2
 Armour: Robe              |    36 |     3 |       |       ||    39
         Troll leather arm |       |    48 |    64 |    25 ||   137
  Dodge: Dodged            |   105 |    90 |   256 |    58 ||   509
  Block: Buckler           |       |       |       |    15 ||    15
